 Dungeon Crawl Stone Soup version 0.28.0-53-g5a82cb258f (webtiles) character file.

Game seed: 9088689948940213480

2908 cbfl8 the Cleaver (level 9, -4/82 HPs)
             Began as a Minotaur Berserker on July 28, 2022.
             Was a Priest of Trog.
             Slain by a wolf (7 damage)
             ... in a bailey.
             The game lasted 00:09:46 (7933 turns).

cbfl8 the Cleaver (Minotaur Berserker)              Turns: 7933, Time: 00:09:47

Health: -4/82      AC: 15    Str: 21    XL:     9   Next: 49%
Magic:  8/8        EV: 10    Int:  4    God:    Trog [***...]
Gold:   1578       SH:  0    Dex: 15    Spells: 8/8 levels left

rFire   + . .      SeeInvis .   y - +0 battleaxe (vamp)
rCold   . . .      Faith    .   (shield currently unavailable)
rNeg    . . .      Spirit   .   l - +1 chain mail {rF+}
rPois   .          Reflect  .   (helmet restricted)
rElec   .          Harm     .   w - +0 cloak
rCorr   .          Rampage  .   t - +0 pair of gloves
Will    .....                   r - +0 pair of boots
Stlth   ..........              f - amulet of magic regeneration
HPRegen 0.23/turn               s - ring of flight
MPRegen 0.51/turn               (no ring)

@: about to teleport, weak-willed, on berserk cooldown, flying, slowed, very
slow
A: horns 2, retaliatory headbutt
a: Renounce Religion, Berserk, Trog's Hand


You were in a bailey.
You worshipped Trog.
Trog was most pleased with you.
You visited 1 branch of the dungeon, and saw 7 of its levels.
You also visited: Bailey.

You collected 1602 gold pieces.
You spent 24 gold pieces at shops.

Inventory:

Hand Weapons
 a - a +0 hand axe
 y - a +0 vampiric battleaxe (weapon)
Missiles
 b - a throwing net
Armour
 l - a +1 chain mail of fire resistance (worn)
 n - a +0 scale mail
 r - a +0 pair of boots (worn)
 t - a +0 pair of gloves (worn)
 w - a +0 cloak (worn)
 z - a +2 ring mail of fire resistance
Jewellery
 f - an amulet of magic regeneration (around neck)
 s - a ring of flight (left hand)
Wands
 p - a wand of digging (1)
 v - a wand of iceblast (5) (quivered)
Scrolls
 e - 2 scrolls of enchant weapon
 j - a scroll of torment
 k - 3 scrolls of fog
 E - a scroll of acquirement
Potions
 c - 3 potions of brilliance {unknown}
 d - 2 potions of mutation {unknown}
 h - a potion of might {unknown}
 m - 2 potions of flight {unknown}
 q - a potion of invisibility {unknown}
 u - a potion of resistance {unknown}
 B - a potion of cancellation {unknown}
 C - a potion of lignification {unknown}


   Skills:
 * Level 8.5 Fighting
 + Level 8.8 Axes
 + Level 7.0 Armour
 * Level 6.4 Dodging
 + Level 0.8 Stealth
 * Level 4.4 Evocations


You had 8 spell levels left.
You didn't know any spells.
Your spell library was empty.

Dungeon Overview and Level Annotations

Branches:
Dungeon (7/15)             Temple (0/1) D:5          Bailey (1/1)

Altars:
Ashenzari
Cheibriados
Dithmenos
Gozag
Hepliaklqana
Qazlal
Xom
Zin

Shops:
D:1 *   D:2 *

Annotations:
D:5 3 runed translucent doors, Cheops's ghost, amateur MiFi; bnorton916's ghost, novice DEFE


Innate Abilities, Weirdness & Mutations

You have a pair of horns on your head.
You reflexively headbutt those who attack you in melee.


Message History

The wolf bites you! The gnoll hits you but does no damage.
The wolf barely misses you.
Okay, then.
As you read the scroll labelled LUESISEKUO, it crumbles to dust.
Magic quickly surges around you.
It was a scroll of vulnerability.
The wolf barely misses you. You furiously retaliate!
You headbutt the wolf, but do no damage.
The wolf bites you but does no damage. The gnoll sergeant closely misses you.
The wolf barely misses you. The gnoll closely misses you.
The gnoll shaman calls upon its god to speed up the gnoll shaman.
The gnoll shaman seems to speed up.
The wolf closely misses you. The gnoll shaman closely misses you.
The gnoll sergeant hits you but does no damage.
The wolf bites you.
* * * LOW HITPOINT WARNING * * *
You hear a howl!
As you read the scroll labelled GOWERGH QOEJA, it crumbles to dust.
You feel aware of your surroundings.
It was a scroll of magic mapping.
The wolf barely misses you.
A wolf comes into view.
The wolf bites you but does no damage. The gnoll shaman closely misses you.
The gnoll barely misses you. The wolf bites you!
* * * LOW HITPOINT WARNING * * *
The wolf bites you.
* * * LOW HITPOINT WARNING * * *
The gnoll sergeant hits you but does no damage.
The gnoll hits you from afar with a +0 trident.
* * * LOW HITPOINT WARNING * * *
The gnoll shaman misses you. The gnoll hits you but does no damage.
The gnoll shaman hits you from afar with a +0 spear.
* * * LOW HITPOINT WARNING * * *
The wolf bites you but does no damage.
The wolf stops to sniff the ground.
As you read the scroll labelled RUESYU UFALEDD, it crumbles to dust.
You feel strangely unstable.
It was a scroll of teleportation.
The wolf bites you.
* * * LOW HITPOINT WARNING * * *
The gnoll shaman misses you. The wolf bites you but does no damage.
The wolf bites you!
You die...

♣≈#,,,**,,,,,**,,,#≈♣
♣≈#,,,*,,,,,,,*...#≈♣
♣≈###+#,,,8,,,*...#≈♣
♣≈#...#,,,,,,,*...#≈♣
♣≈#...##,,,,,*#h..#≈♣
♣≈#....##,,,##g...#≈♣
♣≈#8....##+##ggg.8#≈♣
♣≈#.....#...#h.g..#≈♣
♣≈##....'...g@h..##≈♣
♣≈.##...#...#...##.≈♣
♣≈..#####)..#####..≈♣
♣≈.................≈♣
♣≈≈.....).....))..≈≈♣
♣♣≈≈≈≈≈≈≈≈≈≈≈≈≈≈≈≈≈♣♣
♣♣♣♣♣♣♣♣♣♣♣♣♣♣♣♣♣♣♣


You could see 2 gnoll sergeants, 3 wolves, 2 gnoll shamans and 2 gnolls.

Vanquished Creatures
  Harold (D:7)
  Sigmund (D:3)
  The ghost of cbfl8 the Skirmisher, an amateur MiBe of Trog (D:3)
  A wraith (D:6)
  Menkaure (D:7)
  2 water moccasins
  A sky beast (D:6)
  A black bear (D:6)
  5 scorpions
  A water moccasin skeleton (D:7)
  3 wights (D:7)
  4 crimson imps (D:4)
  4 hounds
  A centaur zombie (D:7)
  2 gnoll shamans (Bailey)
  An orc priest (D:7)
  5 iguanas
  Natasha (twice) (D:3)
  2 orc wizards (D:7)
  A killer bee zombie (D:7)
  A hound skeleton (D:5)
  13 gnolls
  5 adders
  A shadow imp (D:6)
  A white imp (D:5)
  A worm (D:2)
  2 dart slugs
  3 orcs
  7 ball pythons
  6 endoplasms
  2 giant cockroaches
  9 goblins
  7 hobgoblins
  4 kobolds
  4 quokkas
  2 bats (D:1)
  4 frilled lizards
  6 rats
118 creatures vanquished.

Vanquished Creatures (others)
  An orc wizard (D:7)
1 creature vanquished.

Grand Total: 119 creatures vanquished

Notes
Turn   | Place    | Note
-------+----------+-------------------------------------------
     0 | D:1      | cbfl8 the Minotaur Berserker began the quest for the Orb.
     0 | D:1      | Reached XP level 1. HP: 19/19 MP: 0/0
   153 | D:1      | Reached XP level 2. HP: 27/27 MP: 1/1
   409 | D:1      | Reached XP level 3. HP: 31/33 MP: 2/2
   641 | D:1      | Found Uhytosm's General Store.
   650 | D:1      | Bought a scroll of identify for 24 gold pieces
  1312 | D:2      | Reached ** piety under Trog
  1802 | D:2      | Found Hileowac's General Store.
  1905 | D:2      | Identified the +1 robe "Bagrufy" {Will+ SInv}
  2040 | D:3      | Found an opulent altar of Gozag.
  2070 | D:3      | Noticed Sigmund
  2077 | D:3      | Killed Sigmund
  2078 | D:3      | Reached skill level 5 in Fighting
  2078 | D:3      | Reached skill level 5 in Axes
  2078 | D:3      | Reached skill level 1 in Evocations
  2078 | D:3      | Reached XP level 4. HP: 42/42 MP: 3/3
  2078 | D:3      | Reached XP level 5. HP: 48/48 MP: 4/4
  2165 | D:3      | Found a runed translucent door.
  2165 | D:3      | Noticed cbfl8's ghost (amateur MiBe)
  2304 | D:3      | Found a snail-covered altar of Cheibriados.
  2331 | D:3      | Noticed Natasha
  2339 | D:3      | Killed Natasha
  2340 | D:3      | Reached XP level 6. HP: 38/56 MP: 5/5
  2448 | D:3      | Found a stormy altar of Qazlal.
  2892 | D:3      | Found a glowing silver altar of Zin.
  2986 | D:3      | Killed cbfl8's ghost
  3290 | D:3      | Noticed Natasha
  3299 | D:3      | Killed Natasha
  3948 | D:4      | Found a shimmering altar of Xom.
  3967 | D:4      | Reached XP level 7. HP: 43/62 MP: 6/6
  4577 | D:5      | Entered Level 5 of the Dungeon
  5263 | D:5      | Found a runed translucent gate.
  5271 | D:5      | Found a runed translucent gate.
  5271 | D:5      | Found a runed translucent gate.
  5274 | D:5      | Noticed Cheops's ghost (amateur MiFi)
  5274 | D:5      | Noticed bnorton916's ghost (novice DEFE)
  5416 | D:5      | Found a staircase to the Ecumenical Temple.
  5564 | D:5      | Found a shadowy altar of Dithmenos.
  5834 | D:6      | Identified a scroll of acquirement
  5928 | D:6      | Noticed a wraith
  5934 | D:6      | Killed a wraith
  5935 | D:6      | Reached skill level 5 in Armour
  5935 | D:6      | Reached skill level 5 in Dodging
  5935 | D:6      | Reached XP level 8. HP: 71/71 MP: 7/7
  6421 | D:6      | Found a hazy altar of Hepliaklqana.
  6447 | D:6      | Reached *** piety under Trog
  6744 | D:6      | Acquired 1198 gold pieces
  6812 | D:7      | Noticed Menkaure
  6816 | D:7      | Killed Menkaure
  7117 | D:7      | Found a broken altar of Ashenzari.
  7276 | D:7      | Reached XP level 9. HP: 75/79 MP: 8/8
  7292 | D:7      | Noticed Harold
  7311 | D:7      | Killed Harold
  7342 | D:7      | Found a flagged portal.
  7348 | Bailey   | Entered a bailey
  7933 | Bailey   | HP: 3/82 [wolf (5)]
  7933 | Bailey   | Slain by a wolf

Illustrated notes

Levels and vault maps discovered:
D:1:      dpeg_arrival_round_c, layout_basic, serial_shops, shop,
          minmay_tromino_mix6
D:2:      layout_loops_ring, serial_shops, nicolae_shop_trees, nrook_campfire
D:3:      layout_loops_cross, pdpol_temple_overflow_zin_treasury_gozag_greed,
          mainiacjoe_overflow_alcove_4, cheibriados_altar_1,
          hellmonk_ghost_happy_afterlife, corexii_hall_statues_deadend,
          uniq_sigmund, uniq_natasha
D:4:      layout_loops_corners, led_xom_imps
D:5:      layout_loops_cross, lemuel_doored_altar, minmay_temple_entry_fiery,
          gammafunk_ghost_cemetery, kennysheep_generic_room_15
D:6:      layout_gridville, mainiacjoe_overflow_brackets,
          minmay_misc_feat_doors, hangedman_decor_lopped,
          nicolae_figureground_sparkle
D:7:      layout_cave_pods, nicolae_ashenzari_panopticon, enter_bailey_3,
          uniq_menkaure, uniq_harold
Bailey:   bailey_polearm_gnolls_kennysheep, bailey

Skill      XL: |  1  2  3  4  5  6  7  8  9 |
---------------+----------------------------+-----
Axes           | 4 5 6 7 8 |  8.8
Fighting       | 4 5 6 8 |  8.5
Armour         | 3 5 6 7 |  7.0
Dodging        | 3 4 5 6 |  6.4
Evocations     | 1 2 3 4 |  4.4
Stealth        | |  0.8

Action                   |  1- 3 |  4- 6 |  7- 9 || total
-------------------------+-------+-------+-------++-------
Melee: Hand axe          |    76 |    85 |    59 ||   220
       Headbutt          |    14 |    18 |    36 ||    68
       Punch             |     1 |     1 |       ||     2
       Battleaxe         |       |       |   125 ||   125
Invok: Berserk           |     1 |     1 |     6 ||     8
       Trog's Hand       |       |       |     1 ||     1
Evoke: Wand              |       |       |     1 ||     1
  Use: Scroll            |     2 |     1 |     7 ||    10
       Potion            |       |       |    10 ||    10
Armor: Animal skin       |     7 |       |       ||     7
       Scale mail        |     8 |    31 |    31 ||    70
       Ring mail         |       |       |    42 ||    42
       Chain mail        |       |       |    86 ||    86
Dodge: Dodged            |    46 |    43 |   184 ||   273
